 Dungeon Crawl Stone Soup version 0.20-a0-672-gd6c3c51 (webtiles) character file.

3388 Alarkh the Thaumaturge (level 9, -8/65 HPs)
             Began as a Mummy Necromancer on Feb 17, 2017.
             Was a Believer of Okawaru.
             Killed from afar by a hell hound (28 damage)
             ... with a blast of flame
             ... on level 8 of the Dungeon.
             The game lasted 00:11:34 (6664 turns).

Alarkh the Thaumaturge (Mummy Necromancer)          Turns: 6664, Time: 00:11:35

Health: -8/65      AC: 11    Str: 11    XL:     9   Next: 74%
Magic:  21/21      EV: 13    Int: 17    God:    Okawaru [**....]
Gold:   326        SH:  0    Dex: 13    Spells: 13/25 levels left

rFire    x . .     SeeInvis .   b - +1 hand axe (venom)
rCold    + + .     Gourm    .   C - +3 leather armour {rC+}
rNeg     + + +     Faith    .   (no shield)
rPois    ∞         Spirit   .   (no helmet)
rElec    .         Reflect  .   t - +0 cloak
rCorr    .         Harm     .   (no gloves)
MR       ++...                  j - +0 pair of boots
Stlth    ++........             (no amulet)
Regen    0.2/turn               r - +3 ring of protection
MPRegen  0.2/turn               m - ring of protection from magic

@: no status effects
A: no food or potions, fire vulnerability, cold resistance 1, negative energy
resistance 3, torment resistance, unbreathing
a: Heroism, Renounce Religion


You were on level 8 of the Dungeon.
You worshipped Okawaru.
Okawaru was pleased with you.
You were not hungry.

You visited 2 branches of the dungeon, and saw 9 of its levels.

You collected 326 gold pieces.

Inventory:

Hand Weapons
 a - a +0 falchion of protection
 b - a +1 hand axe of venom (weapon)
 d - a +0 short sword
 p - a +0 mace
 w - a +0 falchion
 A - a +1 mace of protection
Armour
 j - a +0 pair of boots (worn)
 l - a +1 ring mail of cold resistance
 o - a +0 robe
 q - +0 gold dragon scales
 t - a +0 cloak (worn)
 z - a +0 robe of magic resistance
 C - a +3 leather armour of cold resistance (worn)
Jewellery
 f - an uncursed ring of wizardry
 m - a ring of protection from magic (left hand)
 r - a +3 ring of protection (right hand)
Wands
 u - a wand of digging (17/24)
 v - a wand of flame (31/48)
Scrolls
 c - 4 scrolls of teleportation
 e - a scroll of identify
 g - a scroll of remove curse
 h - 3 scrolls of magic mapping
 i - a scroll of fog
 k - a scroll of immolation
 n - a scroll of amnesia
 s - a scroll of enchant armour {unknown}
 x - 3 scrolls of recharging {unknown}
 B - a scroll of holy word {unknown}
Books
 y - a book of Necromancy

   Spells                             Type                      Level
   a - Pain                           Necromancy                   1
   b - Animate Skeleton               Necromancy                   1
   c - Vampiric Draining              Necromancy                   3
   d - Regeneration                   Charms/Necromancy            3
   e - Animate Dead                   Necromancy                   4
   f - Control Undead                 Necromancy                   4


   Skills:
 + Level 4.2 Fighting
 * Level 5.3 Long Blades
 + Level 4.2 Dodging
 - Level 1.5 Stealth
 - Level 8.9 Spellcasting
 - Level 8.6 Necromancy


You had 13 spell levels left.
You knew the following spells:

 Your Spells              Type           Power        Failure   Level  Hunger
a - Pain                  Necr           ####         1%          1    N/A
b - Control Undead        Necr           #####.....   4%          4    N/A
c - Animate Dead          Necr           N/A          4%          4    N/A
e - Vampiric Draining     Necr           #####.....   1%          3    N/A

Dungeon Overview and Level Annotations

Branches:
Dungeon (8/15)             Temple (1/1) D:5
   Lair: D:8-11

Altars:
Ashenzari
Cheibriados
Dithmenos
Elyvilon
Fedhas
Gozag
Hepliaklqana
Kikubaaqudgha
Makhleb
Nemelex Xobeh
Okawaru
Qazlal
Ru
Sif Muna
Trog
Uskayaw
Vehumet
Xom
Yredelemnul
Zin


Innate Abilities, Weirdness & Mutations

You do not eat or drink.
Your flesh is vulnerable to fire.
You are immune to poison.
Your flesh is cold resistant. (rC+)
You are immune to negative energy. (rN+++)
You are immune to unholy pain and torment.
You can survive without breathing.


Message History

The hell hound stops to sniff the ground.
The hell hound bites you.
The wight hits you from afar with a halberd.
The hell hound closely misses you.
You hit the hell hound.
The hell hound is lightly wounded.
The hell hound closely misses you.
The wight hits you from afar with a halberd!
The hell hound bites you.
The hell hound barks!
You miss the hell hound.
The hell hound is lightly wounded.
The hell hound bites you. The wight closely misses you.
The hell hound bites you. The hell hound barely misses you.
The hell hound breathes flames at you. The blast of flame hits you!
The fire burns you terribly! The hell hound breathes flames at you.
The blast of flame hits you! The fire burns you terribly!
You die...

#.>.....# ##
##......# z.
.#####....#.##.#####
..................h.
#####..###h##.#####
##.# #.# # #.# #.#
..######.###.#
...%...@h.hz(#
.######...####
#...... #...##...
##### ##


You could see 2 hell hounds and a wight.

Vanquished Creatures
  A two-headed ogre (D:7)
  A hungry ghost (D:7)
  A sky beast (D:3)
  A phantom (D:7)
  2 ice beasts
  3 ogres
  3 centaurs
  4 bullfrogs
  A scorpion (D:4)
  A howler monkey (D:5)
  5 crimson imps
  A quasit (D:4)
  A bullfrog skeleton (D:4)
  3 orc priests
  Crazy Yiuf (D:6)
  7 hounds
  A jelly (D:6)
  An iguana (D:5)
  10 orc wizards
  8 worker ants
  2 hound zombies
  2 hound skeletons
  A worker ant zombie (D:5)
  10 adders
  3 shadow imps
  An ooze (D:4)
  A worm (D:2)
  3 dart slugs
  4 leopard geckos
  36 orcs
  2 ball pythons
  7 bats
  9 giant cockroaches
  13 goblins
  2 hobgoblins (D:1)
  7 jackals
  9 kobolds
  5 quokkas
  2 frilled lizards
  A quokka skeleton (D:4)
  8 rats
184 creatures vanquished.

Vanquished Creatures (collateral kills)
  A crimson imp (D:5)
  An adder (D:5)
  An orc (D:5)
3 creatures vanquished.

Grand Total: 187 creatures vanquished

Notes
Turn   | Place    | Note
-------+----------+-------------------------------------------
     0 | D:1      | Alarkh the Mummy Necromancer began the quest for the Orb.
     0 | D:1      | Reached XP level 1. HP: 13/13 MP: 4/4
   219 | D:1      | Reached XP level 2. HP: 19/19 MP: 4/6
   729 | D:2      | Reached XP level 3. HP: 24/24 MP: 6/8
   734 | D:2      | Learned a level 3 spell: Vampiric Draining
  1253 | D:2      | Reached XP level 4. HP: 28/30 MP: 8/10
  1391 | D:3      | Reached skill level 5 in Necromancy
  1705 | D:3      | Noticed a sky beast
  1750 | D:3      | Killed a sky beast
  1750 | D:3      | Reached skill level 5 in Spellcasting
  1750 | D:3      | Reached XP level 5. HP: 32/35 MP: 0/12
  2663 | D:4      | Reached XP level 6. HP: 41/41 MP: 2/14
  2669 | D:4      | Learned a level 4 spell: Control Undead
  2674 | D:4      | Learned a level 4 spell: Animate Dead
  3077 | D:4      | Reached XP level 7. HP: 41/46 MP: 16/16
  3329 | D:5      | Entered Level 5 of the Dungeon
  3658 | D:4      | Found an ancient bone altar of Kikubaaqudgha.
  3735 | D:5      | Found a staircase to the Ecumenical Temple.
  3750 | Temple   | Entered the Ecumenical Temple
  3840 | Temple   | Became a worshipper of Warmaster Okawaru
  3983 | D:5      | Reached XP level 8. HP: 48/52 MP: 15/20
  4445 | D:5      | Found a sparkling altar of Nemelex Xobeh.
  5244 | D:6      | Reached skill level 1 in Long Blades
  5282 | D:6      | Found a runed door.
  5309 | D:6      | Reached * piety under Okawaru
  5309 | D:6      | Reached skill level 1 in Fighting
  5448 | D:6      | Found a hide-covered altar of Uskayaw.
  5450 | D:6      | Found a burning altar of Makhleb.
  5729 | D:6      | Noticed Crazy Yiuf
  5738 | D:6      | Killed Crazy Yiuf
  5809 | D:7      | Reached XP level 9. HP: 50/61 MP: 21/21
  6017 | D:7      | Reached ** piety under Okawaru
  6215 | D:7      | Noticed a two-headed ogre
  6224 | D:7      | Killed a two-headed ogre
  6224 | D:7      | Reached skill level 5 in Long Blades
  6664 | D:8      | Killed from afar by a hell hound

Vault maps used:
D:1:      saegor_arrival_simple_a
D:4:      lemuel_upstairs_altar
D:5:      lemuel_round_altar, minmay_temple_entry_metal_lava, first_bread
D:6:      grunt_temple_overflow_open, uniq_crazy_yiuf_cottage
D:7:      grunt_ogre_cave
D:8:      lemuel_crystal_altar, minmay_lair_entry_lava, lightli_minifort,
          uniq_psyche, uniq_gastronok, uniq_maurice, uniq_erica
Temple:   minmay_crystal_spiral_temple

Skill      XL: |  1  2  3  4  5  6  7  8  9 |
---------------+----------------------------+-----
Spellcasting   | 3 4 5 6 8 |  8.9
Necromancy     | 5 6 7 8 |  8.6
Long Blades    | 2 5 |  5.3
Fighting       | 2 4 |  4.2
Dodging        | 2 4 |  4.2
Stealth        | |  1.5

Action                   |  1- 3 |  4- 6 |  7- 9 || total
-------------------------+-------+-------+-------++-------
Melee: Short sword       |    49 |    37 |       ||    86
       Mace              |       |    62 |   193 ||   255
       Hand axe          |       |       |   205 ||   205
       Falchion          |       |       |    64 ||    64
 Cast: Pain              |    63 |    86 |    84 ||   233
       Vampiric Draining |       |     3 |    25 ||    28
       Animate Dead      |       |       |     1 ||     1
  Use: Scroll            |     2 |     1 |     3 ||     6
 Stab: Sleeping          |       |       |     3 ||     3
Armor: Robe              |    18 |       |    15 ||    33
       Ring mail         |       |   111 |   158 ||   269
       Leather armour    |       |       |   124 ||   124
Dodge: Dodged            |    47 |   104 |   334 ||   485
       Rpst.: Falchion   |       |       |    13 ||    13
